 Dungeon Crawl Stone Soup version 0.25-a0-578-gc91f01c (webtiles) character file.

Game seed: 12741638742780008041, levelgen mode: deterministic

268 Faca the Cutter (level 6, -8/44 HPs)
             Began as a Halfling Abyssal Knight on Mar 5, 2020.
             Was a Believer of Lugonu.
             Mangled by an ogre
             ... wielding a +0 giant club
              (11 damage)
             ... on level 3 of the Dungeon.
             The game lasted 00:10:21 (4481 turns).

Faca the Cutter (Halfling Abyssal Knight)           Turns: 4481, Time: 00:10:21

Health: -8/44      AC:  7    Str: 15    XL:     6   Next: 45%
Magic:  7/7        EV: 12    Int: 10    God:    Lugonu [**....]
Gold:   155        SH:  4    Dex: 14    Spells: 5/5 levels left

rFire    . . .     SeeInvis .   a - +1 short sword
rCold    . . .     Gourm    .   k - +0 buckler
rNeg     . . .     Faith    .   m - +0 ring mail
rPois    .         Spirit   .   f - +1 helmet
rElec    .         Reflect  .   (no cloak)
rCorr    .         Harm     .   (no gloves)
MR       .....                  (no boots)
Stlth    +.........             (no amulet)
HPRegen  0.14/turn              (no ring)
MPRegen  0.10/turn              (no ring)

@: lightly drained
A: small, mutation resistance 1
a: Depart the Abyss, Bend Space, Renounce Religion


You were on level 3 of the Dungeon.
You worshipped Lugonu.
Lugonu was pleased with you.
You were not hungry.

You visited 1 branch of the dungeon, and saw 6 of its levels.
You visited the Abyss 1 time.

You collected 155 gold pieces.

Inventory:

Hand Weapons
 a - a +1 short sword (weapon)
Missiles
 i - 3 curare-tipped darts (quivered)
 j - 62 stones
Armour
 f - a +1 helmet (worn)
 k - a +0 buckler (worn)
 m - a +0 ring mail (worn)
Wands
 n - a wand of random effects (17)
Scrolls
 d - a scroll of blinking {unknown}
 e - a scroll of remove curse
 g - 4 scrolls of identify
 h - 2 scrolls of fog {unknown}
 l - 2 scrolls of magic mapping
 o - 3 scrolls of teleportation
Potions
 b - a potion of resistance
 p - a potion of ambrosia {unknown}
Comestibles
 c - 7 rations
 q - 2 chunks of flesh


   Skills:
 + Level 4.7(4.6) Fighting
 + Level 5.6(5.5) Short Blades
 - Level 2.1 Armour
 - Level 1.1(1.0) Dodging
 - Level 2.0(1.9) Invocations


You had 5 spell levels left.
You didn't know any spells.
Your spell library was empty.

Dungeon Overview and Level Annotations

Branches:
Dungeon (6/15)
 Temple: D:4-7

Altars:
Cheibriados
Ru

Annotations:
D:4 Blork the orc


Innate Abilities, Weirdness & Mutations

You are small and have problems with some larger weapons.
You are somewhat resistant to further mutation.


Message History

The ogre barely misses you.
You hit the ogre.
The ogre is heavily wounded.
You barely miss the ogre.
The ogre is heavily wounded.
The ogre misses you.
You hit the ogre but do no damage.
The ogre is heavily wounded.
The ogre hits you with a +0 giant club!!
Ouch! That really hurt!
* * * LOW HITPOINT WARNING * * *
You hit the ogre but do no damage.
The ogre is heavily wounded.
You puncture the ogre!
The ogre is severely wounded.
The ogre completely misses you.
You hit the ogre.
The ogre is almost dead.
The ogre hits you with a +0 giant club!
You die...

.# #.....# .##
##.##### #.##
##.## ##)###.##
### ##>..## ..
##)## .# #.#
###########.#####
#.#
#.......O....%...
#.###
#..##..@#....###
#...# #.#
#...#l...# #.#.#
#.###..##....#
#.#.#
#......###......
#.#.# #.....##
#...#.... #.#.#
#...### #...# (..
##.#.# #[####
##..# .. #
##....# #....####
..# . ## #.....#
#.......####.. #)


You could see an ogre.

Vanquished Creatures
  A wight (D:3)
  Terence (D:3)
  Ijyb (D:3)
  Robin (D:4)
  5 adders
  An ooze (D:3)
  2 worms
  5 dart slugs
  3 leopard geckos
  9 orcs
  4 giant cockroaches
  15 hobgoblins
  7 jackals
  A quokka (D:2)
  A ball python (D:3)
  8 bats
  8 frilled lizards
  10 goblins
  3 kobolds
  8 rats
94 creatures vanquished.

Vanquished Creatures (others)
  5 toadstools (D:1)
5 creatures vanquished.

Grand Total: 99 creatures vanquished

Notes
Turn   | Place    | Note
-------+----------+-------------------------------------------
     0 | Abyss:1  | Faca the Halfling Abyssal Knight began the quest for the
                  | Orb.
     0 | Abyss:1  | Reached XP level 1. HP: 15/15 MP: 2/2
    53 | Abyss:1  | Noticed a worldbinder
    54 | Abyss:1  | Noticed a vampire mosquito
    54 | Abyss:1  | Noticed a vampire mosquito
    54 | Abyss:1  | Noticed a vampire mosquito
    55 | D:1      | Escaped the Abyss
   130 | D:1      | Reached * piety under Lugonu
   203 | D:1      | Reached XP level 2. HP: 18/20 MP: 3/3
   212 | D:1      | Reached skill level 3 in Short Blades
   706 | D:1      | Reached XP level 3. HP: 26/26 MP: 4/4
  1657 | D:2      | Reached XP level 4. HP: 30/31 MP: 5/5
  1805 | D:2      | Reached skill level 4 in Short Blades
  2013 | D:2      | Found a sacrificial altar of Ru.
  2071 | D:2      | Reached ** piety under Lugonu
  2242 | D:2      | Found a snail-covered altar of Cheibriados.
  2478 | D:3      | Reached XP level 5. HP: 37/37 MP: 6/6
  2605 | D:3      | You fall into a shaft and drop 3 floors!
  2607 | D:6      | Noticed a phantom
  2607 | D:6      | Noticed a centaur
  2625 | D:5      | Entered Level 5 of the Dungeon
  2760 | D:4      | Noticed Robin
  2762 | D:4      | Noticed Blork the orc
  3344 | D:4      | Killed Robin
  3797 | D:3      | Reached skill level 5 in Short Blades
  3915 | D:3      | Reached XP level 6. HP: 10/44 MP: 7/7
  4121 | D:3      | Noticed Terence
  4154 | D:3      | Killed Terence
  4377 | D:3      | Noticed Ijyb
  4412 | D:3      | Killed Ijyb
  4456 | D:3      | Noticed an ogre
  4481 | D:3      | Mangled by an ogre

Levels and vault maps discovered:
D:1:      ldierk_walled_garden, layout_loops_ring, hangedman_decor_growths,
          hangedman_glass_teeth
D:2:      layout_loops_ring, nicolae_ru_the_path_less_chosen,
          kennysheep_slug_shrine
D:3:      minmay_recursive_quarters, layout_loops_ring, first_ration,
          serial_bayou_lake_a, uniq_terence, uniq_crazy_yiuf_cottage, uniq_ijyb
D:4:      layout_loops_ring, gammafunk_temple_overflow_pools, uniq_sigmund,
          uniq_blork_the_orc, uniq_robin
D:5:      layout_basic, lemuel_crystal_altar, minmay_temple_entry_junction,
          feat_on_display
D:6:      layout_basic, cheibrodos_ashenzari_chains

Skill      XL: |  1  2  3  4  5 |
---------------+----------------+-----
Fighting       | 3 4 |  4.7
Short Blades   | 3 4 5 |  5.6
Armour         | |  2.1
Dodging        | |  1.1
Invocations    | |  2.0

Action                   |  1- 3 |  4- 6 || total
-------------------------+-------+-------++-------
Melee: Short sword       |   152 |   364 ||   516
Invok: Depart the Abyss  |     1 |       ||     1
  Use: Scroll            |     4 |     7 ||    11
       Potion            |       |     1 ||     1
  Eat: Chunk             |     2 |    10 ||    12
Armor: Leather armour    |    30 |       ||    30
       Ring mail         |     9 |   102 ||   111
Dodge: Dodged            |   101 |   164 ||   265
Block: Buckler           |       |    42 ||    42

Table legend:
 A = Non-vault XP
 B = Vault XP
 C = Vault XP percentage of total XP
 D = Non-vault monster count
 E = Vault monster count
 F = Vault count percentage of total count
                 A         B        C        D         E       F
            +---------+---------+-------+---------+---------+-------
      Total |     212 |     171 |  44.6 |      74 |      20 |  21.3
            +---------+---------+-------+---------+---------+-------
        D:1 |      59 |       0 |   0.0 |      30 |       0 |   0.0
        D:2 |      62 |       4 |   6.1 |      21 |       1 |   4.5
        D:3 |      47 |     136 |  74.3 |      15 |       9 |  37.5
        D:4 |      44 |      31 |  41.3 |       8 |      10 |  55.6
            +---------+---------+-------+---------+---------+-------
